 Dungeon Crawl Stone Soup version 0.27-a0-1500-g450c7e4133 (webtiles) character file.

Game seed: 39016458427878279

140 unlimited1921 the Stinger (level 5, -2/38 HPs)
             Began as a Draconian Venom Mage on July 7, 2021.
             Killed from afar by a steam dragon (7 damage)
             ... with a ball of steam
             ... on level 4 of the Dungeon.
             The game lasted 00:40:50 (3997 turns).

unlimited1921 the Stinger (Draconian Venom Mage)    Turns: 3997, Time: 00:40:50

Health: -2/38      AC:  5    Str: 10    XL:     5   Next: 2%
Magic:  5/9        EV: 12    Int: 17    God:
Gold:   101        SH:  0    Dex: 11    Spells: 8/9 levels left

rFire    . . .     SeeInvis .   g - +0 short sword
rCold    . . .     Faith    .   (no shield)
rNeg     . . .     Spirit   .   (armour unavailable)
rPois    .         Reflect  .   (helmet restricted)
rElec    .         Harm     .   (no cloak)
rCorr    .         Rampage  .   (no gloves)
Will     .....                  (no boots)
Stlth    ++........             (no amulet)
HPRegen  0.12/turn              (no ring)
MPRegen  0.11/turn              (no ring)

@: very slightly contaminated
A: AC +5, unfitting armour, cold-blooded
a: no special abilities


You were on level 4 of the Dungeon.
You visited 1 branch of the dungeon, and saw 4 of its levels.

You collected 101 gold pieces.

Inventory:

Hand Weapons
 g - a +0 short sword (weapon)
 h - a +0 short sword
Missiles
 a - 22 stones
 b - 3 large rocks
 d - 22 bolts
 k - 6 curare-tipped darts
 l - 30 arrows
Magical Staves
 m - a staff of conjuration
Scrolls
 c - 2 scrolls of silence
 f - a scroll of brand weapon
 j - a scroll of torment {unknown}
Potions
 e - a potion of curing {unknown}
 i - a potion of heal wounds {unknown}


   Skills:
 + Level 0.6 Short Blades
 + Level 1.9 Dodging
 + Level 2.1 Stealth
 + Level 2.7 Spellcasting
 + Level 2.8 Transmutations
 + Level 4.1 Poison Magic


You had 8 spell levels left.
You knew the following spells:

 Your Spells              Type           Power      Damage    Failure   Level
a - Sting                 Tmut/Pois      56%        1d5       4%          1

Your spell library contained the following spells:

 Spells                   Type           Power      Damage    Failure   Level
 Poisonous Vapours        Pois/Air       18%        N/A       12%         2
 Passwall                 Tmut/Erth      5%         N/A       16%         2
 Foxfire                  Conj/Fire      8%         2x1d4     19%         1
 Sandblast                Erth           4%         2d4       19%         1
 Ignite Poison            Fire/Tmut/Pois 10%        N/A       21%         3
 Mephitic Cloud           Conj/Pois/Air  7%         N/A       30%         3
 Olgreb's Toxic Radiance  Pois           16%        N/A       32%         4
 Conjure Flame            Conj/Fire      2%         6-21      47%         3
 Inner Flame              Hex/Fire       2%         N/A       47%         3
 Sticky Flame             Conj/Fire      2%         2d3       87%         4
 Lee's Rapid Deconstruct  Erth           1%         3d5*      99%         5


Dungeon Overview and Level Annotations

Branches:
Dungeon (4/15)
 Temple: D:4-7

Altars:


Innate Abilities, Weirdness & Mutations

Your plain brown scales are hard. (AC +5)
You cannot fit into any form of body armour.
You are cold-blooded and may be slowed by cold attacks.


Message History

Casting: Sting (safe; 4% risk of failure)
Confirm with . or Enter, or press ? or * to list all spells.
Aiming: Sting (safe; 4% risk of failure)
Press: ? - help, Shift-Dir - straight line, f - steam dragon
Aim: a steam dragon (asleep, 100% to hit)
The sting hits the steam dragon but does no damage.
The steam dragon is poisoned.
The steam dragon hisses angrily.
Casting: Sting (safe; 4% risk of failure)
Confirm with . or Enter, or press ? or * to list all spells.
Aiming: Sting (safe; 4% risk of failure)
Press: ? - help, Shift-Dir - straight line, f/p - steam dragon
Aim: a steam dragon (poisoned, 71% to hit)
You miscast Sting.
You are very lightly contaminated with residual magic.
Nothing appears to happen.
The steam dragon breathes steam at you. The ball of steam misses you.
Casting: Sting (safe; 4% risk of failure)
Confirm with . or Enter, or press ? or * to list all spells.
Aiming: Sting (safe; 4% risk of failure)
Press: ? - help, Shift-Dir - straight line, f/p - steam dragon
Aim: a steam dragon (poisoned, catching its breath, 71% to hit)
The sting hits the steam dragon.
The steam dragon looks even sicker.
The steam dragon is lightly wounded.
You are engulfed in a cloud of scalding steam.
Casting: Sting (safe; 4% risk of failure)
Confirm with . or Enter, or press ? or * to list all spells.
Aiming: Sting (safe; 4% risk of failure)
Press: ? - help, Shift-Dir - straight line, f/p - steam dragon
Aim: a steam dragon (lightly wounded, very poisoned, catching its breath, 71% to hit)
The sting misses the steam dragon.
You are engulfed in a cloud of scalding steam.
The steam dragon bites you!
The steam dragon claws you but does no damage.
You are engulfed in a cloud of scalding steam.
* * * LOW HITPOINT WARNING * * *
The steam dragon breathes steam at you. The ball of steam hits you!
You die...

#.....#
#.....#
#.###.....#
#.........#
#.# #.# #D#
#ยง#
#@#######
#.......#
#######.#
#.# #.# #<#
#.# ###


You could see a steam dragon (poisoned, catching breath).

Vanquished Creatures
  An iguana (D:3)
  4 adders
  2 worms (D:2)
  4 dart slugs
  10 ball pythons
  4 endoplasms
  2 giant cockroaches
  4 goblins
  9 hobgoblins
  3 quokkas (D:2)
  7 bats
  2 frilled lizards (D:1)
  4 kobolds
  7 rats
63 creatures vanquished.

Notes
Turn   | Place    | Note
-------+----------+-------------------------------------------
     0 | D:1      | unlimited1921 the Draconian Venom Mage began the quest for
                  | the Orb.
     0 | D:1      | Reached XP level 1. HP: 14/14 MP: 3/3
   346 | D:1      | Reached XP level 2. HP: 20/20 MP: 1/5
   929 | D:1      | Found a faded altar of an unknown god.
  1353 | D:1      | Reached XP level 3. HP: 26/26 MP: 4/6
  2560 | D:3      | Reached XP level 4. HP: 31/33 MP: 4/7
  3443 | D:3      | Reached skill level 4 in Poison Magic
  3877 | D:3      | Reached XP level 5. HP: 31/38 MP: 4/9
  3989 | D:4      | Noticed a steam dragon
  3997 | D:4      | Killed from afar by a steam dragon

Illustrated notes

Levels and vault maps discovered:
D:1:      co_arrival_square_in_a_square_in_a_square, layout_rooms,
          ebering_ecumenical_altar_webs, minmay_misc_feat_rugged
D:2:      layout_rooms
D:3:      layout_rooms, minmay_puff
D:4:      minmay_bubble_buster, layout_basic, mainiacjoe_overflow_24_doors

Skill      XL: |  1  2  3  4 |
---------------+-------------+-----
Stealth        | 2 |  2.1
Transmutations | 2 |  2.8
Poison Magic   | 4 |  4.1
Short Blades   | |  0.6
Dodging        | |  1.9
Spellcasting   | |  2.7

Action                   |  1- 3 |  4- 6 || total
-------------------------+-------+-------++-------
Melee: Short sword       |    52 |    14 ||    66
       Unarmed           |     2 |       ||     2
       Tailslap          |     2 |       ||     2
 Cast: Sting             |    54 |    36 ||    90
  Use: Scroll            |     2 |     1 ||     3
Armor: Skin              |    13 |     5 ||    18
Dodge: Dodged            |    34 |    15 ||    49

Table legend: (Time is in decaauts)
 A = Elapsed time spent in this place.
 B = Non-inter-level travel time spent in this place.
 C = Inter-level travel time spent in this place.
 D = Time resting spent in this place.
 E = Time spent auto-exploring this place.
 F = Levels seen in this place.
 G = Mean time per level.
                   A        B        C        D        E       F      G
               +--------+--------+--------+--------+--------+-----+--------+
         Total |   4003 |   2618 |   1385 |   2157 |      0 |   4 | 1000.8 |
       Dungeon |   4003 |   2618 |   1385 |   2157 |      0 |   4 | 1000.8 |
               +--------+--------+--------+--------+--------+-----+--------+

Top non-repeatable levels by time:
     D:3: 1502 daAuts
     D:1: 1376 daAuts
     D:2: 1101 daAuts
     D:4: 22 daAuts
